 Dungeon Crawl Stone Soup version 0.30-a0-1124-g6e8f0f562f (webtiles) character file.

Game seed: 2751675162937010290

259 themarg the Caller (level 6, 0/61 HPs)
             Began as a Merfolk Summoner on Apr 24, 2023.
             Was a Priest of Sif Muna.
             Succumbed to a scorpion's poison
             ... on level 4 of the Dungeon.
             The game lasted 00:10:20 (3146 turns).

themarg the Caller (Merfolk Summoner)               Turns: 3146, Time: 00:10:21

Health: 0/61       AC: 23    Str:  8    XL:     6   Next: 17%
Magic:  4/9        EV:  2    Int: 17    God:    Sif Muna [***...]
Gold:   230        SH:  0    Dex: 14    Spells: 3/9 levels left

rFire   . . .        e - +0 spear
rCold   . . .        (no shield)
rNeg    . . .        a - melded +0 robe
rPois   +            (helmet currently unavailable)
rElec   .            r - melded scarf {+Inv}
rCorr   .            u - melded +0 pair of gloves
SInv    .            (boots currently unavailable)
Will    .....        (no amulet)
Stlth   ++           y - ring of wizardry
HPRegen 0.30/turn    (no ring)
MPRegen 0.11/turn

%: wizardry (x1)
@: lethally poisoned (0 -> -14), tree-form, studying Fighting
A: stationary, stasis, torment immunity, boosted hp, (nimble swimmer 2),
(mertail)
a: Renounce Religion, Channel Magic, Forget Spell


You were on level 4 of the Dungeon.
You worshipped Sif Muna.
Sif Muna was most pleased with you.
You were a tree.
You visited 1 branch of the dungeon, and saw 4 of its levels.

You collected 230 gold pieces.

Inventory:

Hand Weapons
 e - a +0 spear (weapon)
Missiles
 d - 34 stones
 p - 5 poisoned darts
Armour
 a - a +0 robe (melded)
 r - a scarf of invisibility (melded)
 u - a +0 pair of gloves (melded)
 w - a +0 helmet
Jewellery
 y - a ring of wizardry (left branch)
Wands
 v - a wand of iceblast (14)
Scrolls
 g - a scroll of fog {unknown}
 j - 3 scrolls of teleportation
 l - a scroll of amnesia {unknown}
 m - a scroll of enchant armour {unknown}
 n - a scroll of poison {unknown}
 o - a scroll of enchant weapon {unknown}
 t - 2 scrolls of noise {unknown}
 x - a scroll of torment {unknown}
Potions
 b - a potion of magic
 f - 2 potions of curing {unknown}
 h - a potion of flight {unknown}
 i - 3 potions of attraction
 k - a potion of ambrosia {unknown}
 q - 3 potions of heal wounds
 s - a potion of lignification
 z - a potion of might {unknown}


   Skills:
 - Level 2.6 Dodging
 - Level 3.0 Stealth
 - Level 2.0 Spellcasting
 + Level 6.6 Summonings
 + Level 1.5 Air Magic


You had 3 spell levels left.
You knew the following spells:

 Your Spells              Type           Power      Damage    Failure   Level
a - Summon Small Mammal   Summ           96%        N/A       1%          1
b - Call Imp              Summ           48%        N/A       1%          2
c - Call Canine Familiar  Summ           24%        N/A       1%          3

Your spell library contained the following spells:

 Spells                   Type           Power      Damage    Failure   Level
 Shock                    Conj/Air       16%        1d4       6%          1
 Summon Guardian Golem    Hex/Summ       13%        N/A       6%          3
 Magic Dart               Conj           4%         1d3       8%          1
 Necrotise                Necr           4%         1d4       8%          1
 Searing Ray              Conj           2%         2d4       12%         2
 Swiftness                Air            6%         N/A       12%         3
 Inner Flame              Hex/Fire       1%         N/A       22%         3
 Summon Lightning Spire   Summ/Air       15%        N/A       14%         4
 Animate Armour           Summ/Erth      26%        N/A       21%         4
 Airstrike                Air            3%         2d(1-17)  38%         4
 Fulminant Prism          Conj/Hex       0%         3d5       56%         4
 Blade Hands              Tmut           0%         N/A       88%         5
 Yara's Violent Unravell  Hex/Tmut       0%         3d3       88%         5
 Iron Shot                Conj/Erth      0%         9d1       100%        6
 Enfeeble                 Hex            0%         N/A       100%        7


Dungeon Overview and Level Annotations

Branches:
Dungeon (4/15)
 Temple: D:4-7

Altars:
Kikubaaqudgha
Okawaru
Sif Muna
Vehumet
Wu Jian

Annotations:
D:4 Edmund


Innate Abilities, Weirdness & Mutations

You are a tree.
Your roots penetrate the ground, keeping you stationary.
You cannot be teleported.
You are immune to unholy pain and torment.
Your maximum health is greatly increased.
Your equipment is partially melded.
((You are very nimble when in or above water. (Stealth+, EV+, Speed+++)))
((Your lower body shifts to a powerful aquatic tail in water.))


Message History

The scorpion stings you.
Your hound misses the scorpion. The scorpion stings you.
You are more poisoned.
The scorpion poisons you!
A tiny devil pulls itself out of the air.
You feel very sick.
Your hound closely misses the scorpion.
The scorpion stings you.
You are lethally poisoned!
The scorpion poisons you!
You swap places.
You feel extremely sick.
Your hound barely misses the scorpion.
The scorpion completely misses your cerulean imp.
Your hound bites the scorpion but does no damage.
Your cerulean imp hits the scorpion with a -2 spear.
Reach: e) +0 spear
Press: ? - help, Dir - move target, f/p - scorpion
Aim: a scorpion (heavily wounded, ally target, about 40% to evade your +0 spear)
You reach to attack!
You barely miss the scorpion.
The scorpion is heavily wounded.
* * * LOW HITPOINT WARNING * * *
You feel very sick.
Your hound closely misses the scorpion.
The scorpion stings your cerulean imp but does no damage.
Your cerulean imp hits the scorpion with a -2 spear.
Reach: e) +0 spear
Press: ? - help, Dir - move target, f/p - scorpion
Aim: a scorpion (severely wounded, ally target, about 40% to evade your +0 spear)
You could not reach far enough!
* * * LOW HITPOINT WARNING * * *
You feel very sick.
Your hound bites the scorpion.
The scorpion stings your cerulean imp.
Your hound bites the scorpion but does no damage.
Your cerulean imp hits the scorpion but does no damage.
The scorpion stings your hound.
It was a potion of lignification.
You turn into a tree.
Your scarf of invisibility melds into your body.
Your +0 pair of gloves melds into your body.
Your +0 robe melds into your body.
Your roots penetrate the ground.
You die...

#.....##≈####
#.≈~.....##
#.....####
##~~~♣...≈#
##+####
####..#.##
##...# ###.#
#.# #.#
###############
#.#
.....hs5♣.....#
#.#
#############.#
#.# #.# #.# #.#
#.#
#.########.#
#..........#
#.########.#
### ###


You could see a scorpion (distracted, ally target), a friendly hound (summoned)
and a friendly cerulean imp (summoned).

Vanquished Creatures
  Ijyb (D:3)
  Natasha (twice) (D:3)
  A dart slug (D:1)
  A ball python (D:3)
  5 bats
  3 goblins
  A kobold (D:4)
  2 rats
16 creatures vanquished.

Vanquished Creatures (collateral kills)
  An orc priest (D:4)
  Natasha (D:3)
  Robin (D:3)
  2 adders
  An ufetubus (D:4)
  2 dart slugs
  3 orcs
  5 bats
  6 endoplasms
  13 goblins
  5 hobgoblins
  5 jackals
  A quokka (D:2)
  9 ball pythons
  6 frilled lizards
  3 kobolds
  3 rats
67 creatures vanquished.

Grand Total: 83 creatures vanquished

Notes
Turn   | Place    | Note
-------+----------+-------------------------------------------
     0 | D:1      | themarg the Merfolk Summoner began the quest for the Orb.
     0 | D:1      | Reached XP level 1. HP: 13/13 MP: 3/3
   177 | D:1      | Reached XP level 2. HP: 19/19 MP: 0/5
   232 | D:1      | Learned a level 2 spell: Call Imp
   238 | D:1      | Found a faded altar of an unknown god.
   246 | D:1      | Prayed at the altar of an unknown god.
   246 | D:1      | Became a worshipper of Sif Muna the Loreminder
   246 | D:1      | Reached * piety under Sif Muna
   371 | D:1      | Reached XP level 3. HP: 24/24 MP: 3/6
   377 | D:1      | Learned a level 3 spell: Call Canine Familiar
   917 | D:2      | Reached ** piety under Sif Muna
  1033 | D:2      | Reached skill level 5 in Summonings
  1207 | D:2      | Reached XP level 4. HP: 30/30 MP: 1/7
  1658 | D:3      | Noticed Robin
  1858 | D:3      | Noticed Ijyb
  1876 | D:3      | Killed Ijyb
  1981 | D:3      | Killed Robin
  1982 | D:3      | Reached XP level 5. HP: 35/35 MP: 5/8
  2144 | D:3      | Noticed Natasha
  2172 | D:3      | Killed Natasha
  2173 | D:3      | Reached skill level 6 in Summonings
  2454 | D:3      | Noticed Natasha
  2460 | D:3      | Killed Natasha
  2494 | D:3      | Noticed Natasha
  2502 | D:3      | Killed Natasha
  2503 | D:3      | Reached skill level 1 in Air Magic
  2594 | D:3      | Found an ornate altar of the Wu Jian Council.
  2605 | D:3      | Found an iron altar of Okawaru.
  2610 | D:3      | Reached *** piety under Sif Muna
  2799 | D:3      | Found a shimmering blue altar of Sif Muna.
  2800 | D:3      | Found an ancient bone altar of Kikubaaqudgha.
  2800 | D:3      | Found a radiant altar of Vehumet.
  2803 | D:3      | Got Kikubaaqudgha's Compilation of Necromancy
  2888 | D:4      | Reached XP level 6. HP: 36/41 MP: 3/9
  3077 | D:4      | Noticed Edmund
  3145 | D:4      | HP: 2/41 [poisoned by a scorpion]
  3146 | D:4      | Succumbed to a scorpion's poison

Illustrated notes

Levels and vault maps discovered:
D:1:      psy_arrival_heroes, layout_basic, shapermc_ecumenical_altar_pompeii,
          eino_curves_02
D:2:      layout_rooms, serial_rivers, chequers_serial_rivers_marsh,
          chequers_serial_rivers_large_a, chequers_serial_rivers_micro_a,
          chequers_serial_rivers_micro_b, chequers_serial_rivers_micro_c,
          chequers_serial_rivers_micro_c
D:3:      wad_river_or_something, layout_basic,
          grunt_temple_overflow_magic_moments, nicolae_overflow_squiral,
          uniq_ijyb, uniq_natasha, uniq_robin
D:4:      layout_basic, marbit_many_paths, minmay_temple_entry_gardened_gates,
          serial_rivers, chequers_serial_rivers_marsh,
          chequers_serial_rivers_small_b, chequers_serial_rivers_small_3,
          chequers_serial_rivers_room_b, kennysheep_generic_room_10, uniq_edmund

Skill      XL: |  1  2  3  4  5 |
---------------+----------------+-----
Stealth        | 3 |  3.0
Summonings     | 5 6 |  6.6
Air Magic      | 1 |  1.5
Dodging        | |  2.6
Spellcasting   | |  2.0

Action                     |  1- 3 |  4- 6 || total
---------------------------+-------+-------++-------
  Melee: Spear             |    45 |    68 ||   113
         Punch             |     1 |     1 ||     2
   Cast: Summon Small Mamm |    24 |     7 ||    31
         Call Imp          |    10 |     9 ||    19
         Call Canine Famil |     4 |    13 ||    17
    Use: Scroll            |       |     3 ||     3
         Potion            |       |     1 ||     1
   Stab: Sleeping          |       |     2 ||     2
 Armour: Robe              |     3 |    11 ||    14
  Dodge: Dodged            |    26 |    32 ||    58

Table legend: (Time is in decaauts)
 A = Elapsed time spent in this place.
 B = Non-inter-level travel time spent in this place.
 C = Inter-level travel time spent in this place.
 D = Time resting spent in this place.
 E = Time spent auto-exploring this place.
 F = Levels seen in this place.
 G = Mean time per level.
                   A        B        C        D        E       F      G
               +--------+--------+--------+--------+--------+-----+--------+
         Total |   3143 |   3050 |     93 |      0 |   2459 |   4 |  785.8 |
       Dungeon |   3143 |   3050 |     93 |      0 |   2459 |   4 |  785.8 |
               +--------+--------+--------+--------+--------+-----+--------+

Top non-repeatable levels by time:
     D:3: 1216 daAuts
     D:1: 863 daAuts
     D:2: 801 daAuts
     D:4: 262 daAuts
